 Dungeon Crawl Stone Soup version 0.22.1-1-ga44c0e5 (webtiles) character file.

375 Monsterracer the Ruffian (level 6, -1/48 HPs)
             Began as a Barachi Hunter on Oct 18, 2018.
             Slain by an orc
             ... wielding a +0 flail
              (6 damage)
             ... on level 3 of the Dungeon.
             The game lasted 00:09:00 (4161 turns).

Monsterracer the Ruffian (Barachi Hunter)           Turns: 4161, Time: 00:09:00

Health: -1/48      AC:  5    Str: 16    XL:     6   Next: 72%
Magic:  6/6        EV: 11    Int: 11    God:
Gold:   156        SH:  5    Dex: 12    Spells: 5/5 levels left

rFire    . . .     SeeInvis .     - Unarmed
rCold    . . .     Gourm    .   k - +1 buckler
rNeg     . . .     Faith    .   n - +0 ring mail
rPois    .         Spirit   .   (no helmet)
rElec    .         Reflect  .   (no cloak)
rCorr    .         Harm     .   (no gloves)
MR       .....                  (no boots)
Stlth    +.........             (no amulet)
HPRegen  0.16/turn              (no ring)
MPRegen  0.10/turn              (no ring)

@: hasted, drained, very quick
A: +LOS, swims, slowness 1, strong legs 1
a: Hop


You were on level 3 of the Dungeon.
You were not hungry.

You visited 1 branch of the dungeon, and saw 4 of its levels.

You collected 156 gold pieces.

Inventory:

Hand Weapons
 a - a +2 hand crossbow
Missiles
 d - 20 bolts
Armour
 k - a +1 buckler (worn)
 n - a +0 ring mail (worn)
Scrolls
 b - a scroll of enchant armour
 h - 3 scrolls of identify
Potions
 e - 2 potions of haste
 i - a potion of flight
 o - a potion of might
Comestibles
 c - 4 rations
 g - a chunk of flesh


   Skills:
 + Level 4.1(3.8) Fighting
 - Level 4.0(3.7) Crossbows
 - Level 2.1(1.9) Dodging
 - Level 0.8(0.6) Stealth
 + Level 2.7(2.5) Shields
 * Level 5.6(5.4) Unarmed Combat


You had 5 spell levels left.
You didn't know any spells.
Your spell library was empty.

Dungeon Overview and Level Annotations

Branches:
Dungeon (4/15)
 Temple: D:4-7

Altars:
Cheibriados
Hepliaklqana


Innate Abilities, Weirdness & Mutations

Shadows flee at your approach. (+LOS)
You can swim through water.
You cover ground slowly.
You can hop short distances.


Message History

As you read the scroll labeled ACISOL HOREARE, it crumbles to dust.
You experience a momentary feeling of inescapable doom!
It was a scroll of random uselessness.
As you read the scroll labeled WEWUIN LARGH, it crumbles to dust.
It is a scroll of amnesia.
You feel forgetful for a moment.
As you read the scroll labeled GORISTR LOSMISCH, it crumbles to dust.
The air around you briefly surges with heat, but it dissipates.
It was a scroll of immolation.
As you read the scroll labeled CYMAAS KUOTIS, it crumbles to dust.
You feel as if something is helping you.
It was a scroll of remove curse.
d - 25 bolts (gained 1)
Things that are here:
a dagger; a robe; an orc corpse An orc and an orc priest come into view.
The orc shouts!
The orc priest shouts!
You hear an angry hiss.
You hear a shout!
The orc priest hits you with a whip.
Found 20 bolts.
You see here a bolt.
You take 3 damage, and have 45/48 hp.
There are monsters nearby!
Things that are here:
a dagger; a robe; an orc corpse
There is a stone staircase leading up here.
You see here a potion of degeneration.
Firing (i - inventory)
d - 25 bolts (quivered)
Press: ? - help, Shift-Dir - straight line, f - orc
Aim: an orc, wielding a flail and wearing a leather armour You shoot a bolt.
The bolt hits the orc.
The orc is moderately wounded.
Firing (i - inventory)
d - 24 bolts (quivered)
Press: ? - help, Shift-Dir - straight line, f/p - orc
Aim: an orc, wielding a flail and wearing a leather armour (moderately wounded)
You shoot a bolt. The bolt barely misses the orc.
The orc closely misses you.
Firing (i - inventory)
d - 23 bolts (quivered)
Press: ? - help, Shift-Dir - straight line, f/p - orc
Aim: an orc, wielding a flail and wearing a leather armour (moderately wounded)
You shoot a bolt. The bolt closely misses the orc.
The bolt barely misses the orc priest.
The orc closely misses you.
Firing (i - inventory)
d - 22 bolts (quivered)
Press: ? - help, Shift-Dir - straight line, f/p - orc
Aim: an orc, wielding a flail and wearing a leather armour (moderately wounded)
You shoot a bolt. The bolt closely misses the orc.
The bolt hits the orc priest.
The orc priest is moderately wounded.
Firing (i - inventory)
d - 21 bolts (quivered)
Press: ? - help, Shift-Dir - straight line, f/p - orc
Aim: an orc, wielding a flail and wearing a leather armour (moderately wounded)
You shoot a bolt. The bolt hits the orc.
The orc is heavily wounded.
The orc closely misses you.
An ogre comes into view. It is wielding a giant spiked club.
The orc priest closely misses you. The orc hits you but does no damage.
The orc priest hits you with a whip.
You climb upwards.
There is a stone staircase leading down here.
You take 4 damage, and have 42/48 hp.
You are now empty-handed.
You closely miss the orc priest.
The orc priest is moderately wounded.
The orc hits you with a flail. The orc priest closely misses you.
You take 5 damage, and have 37/48 hp.
You punch the orc priest!
The orc priest is almost dead.
The orc priest looks braver for a moment.
The orc closely misses you.
You hit the orc priest but do no damage.
The orc priest is almost dead.
The orc priest hits you with a whip.
You take 3 damage, and have 34/48 hp.
You barely miss the orc priest.
The orc priest is almost dead.
The orc hits you with a flail.
You take 5 damage, and have 29/48 hp.
You closely miss the orc priest.
The orc priest is almost dead.
The orc priest hits you but does no damage.
You block the orc's attack.
You hit the orc priest but do no damage.
The orc priest is almost dead.
The orc priest hits you with a whip. The orc hits you with a flail.
* * * LOW HITPOINT WARNING * * *
You take 6 damage, and have 24/48 hp.
Unknown command.
You barely miss the orc priest.
The orc priest is severely wounded.
The orc priest hits you with a whip.
* * * LOW HITPOINT WARNING * * *
You take 3 damage, and have 21/48 hp.
Unknown command.
The orc hits you with a flail.
* * * LOW HITPOINT WARNING * * *
The orc priest calls down the wrath of Beogh upon you.
Beogh smites you!
* * * LOW HITPOINT WARNING * * *
You take 16 damage, and have 5/48 hp.
MASSIVE DAMAGE!!
You feel yourself speed up. The orc hits you with a flail.
You die...

#.........# #.#######.# #.#
#.# #.# #.# #.# #.#####
#.#######.....#######
#.#.....'.....##....#
#.#.#####.....##....#
#.#.@o..............'
#.#.o.#......)......#
#########.#........#.#.#....#
#.......#.#######....#.#....#
#.......#............#.#....#
#.......##########.....#....#
#.......##########.....#....#
#.......##.............###+##
#.............####.##..###.#


You could see an orc priest and an orc.

Vanquished Creatures
  3 wights
  An orc priest (D:2)
  3 orc wizards
  3 gnolls (D:3)
  4 adders
  An ooze (D:3)
  A worm (D:3)
  3 dart slugs
  A leopard gecko (D:1)
  11 orcs
  5 bats
  3 giant cockroaches
  6 goblins
  2 hobgoblins (D:3)
  A ball python (D:3)
  7 frilled lizards
  5 kobolds
  7 rats
67 creatures vanquished.

Notes
Turn   | Place    | Note
-------+----------+-------------------------------------------
     0 | D:1      | Monsterracer the Barachi Hunter began the quest for the
                  | Orb.
     0 | D:1      | Reached XP level 1. HP: 17/17 MP: 1/1
   117 | D:1      | Reached skill level 1 in Unarmed Combat
   182 | D:1      | HP: 8/17 [leopard gecko (5)]
   185 | D:1      | Reached XP level 2. HP: 8/23 MP: 2/2
   415 | D:1      | Reached skill level 2 in Unarmed Combat
  1131 | D:2      | Reached XP level 3. HP: 25/28 MP: 3/3
  1279 | D:2      | Reached skill level 3 in Unarmed Combat
  1829 | D:2      | Reached skill level 4 in Unarmed Combat
  1829 | D:2      | Reached XP level 4. HP: 34/34 MP: 4/4
  1932 | D:3      | Reached skill level 1 in Shields
  2163 | D:3      | Reached XP level 5. HP: 41/41 MP: 5/5
  2205 | D:3      | HP: 14/41 [orc wizard/magic dart (9)]
  3039 | D:3      | Reached skill level 5 in Unarmed Combat
  3039 | D:3      | Reached XP level 6. HP: 37/47 MP: 6/6
  3041 | D:3      | HP: 22/47 [wight/long sword (5)]
  3046 | D:3      | HP: 20/47 [wight/long sword (1)]
  3054 | D:3      | HP: 12/47 [wight/long sword (9)]
  3475 | D:3      | Found a hazy altar of Hepliaklqana.
  3478 | D:3      | Found a snail-covered altar of Cheibriados.
  4158 | D:3      | HP: 24/48 [orc/flail (2)]
  4160 | D:3      | HP: 5/48 [orc priest/divine providence (11)]
  4161 | D:3      | Slain by an orc

Skill      XL: |  1  2  3  4  5  6 |
---------------+-------------------+-----
Unarmed Combat | 1 2 4 5 |  5.6
Shields        | 1 2 |  2.7
Fighting       | 3 4 |  4.1
Crossbows      | |  4.0
Dodging        | |  2.1
Stealth        | |  0.8

Action                   |  1- 3 |  4- 6 || total
-------------------------+-------+-------++-------
Melee: Short sword       |    20 |       ||    20
       Unarmed           |    37 |   120 ||   157
 Fire: Hand crossbow     |    33 |    63 ||    96
 Abil: Hop               |       |     1 ||     1
  Use: Potion            |       |     3 ||     3
       Scroll            |       |     9 ||     9
 Stab: Sleeping          |     1 |       ||     1
  Eat: Chunk             |     3 |     8 ||    11
Armor: Leather armour    |    18 |       ||    18
       Ring mail         |     2 |    56 ||    58
Dodge: Dodged            |    70 |    65 ||   135
Block: Buckler           |     2 |    18 ||    20

Vault maps used:
D:1:      scummos_arrival_gate
D:2:      kennysheep_boxes
D:3:      gammafunk_temple_overflow_statue
D:4:      minmay_diamond_boxcup, nicolae_overflow_crystal_walls,
          lemuel_crystal_altar, minmay_temple_entry_overgrown, uniq_grinder,
          uniq_duvessa, uniq_menkaure, uniq_sigmund
